 Dungeon Crawl Stone Soup version 0.20-a0-910-gb611367 (webtiles) character file.

4868 galech the Grappler (level 10, -10/94 HPs)
             Began as a Troll Monk on Mar 23, 2017.
             Was a Priest of Cheibriados.
             Killed by the air
             ... invoked by itsmu's ghost
              (12 damage)
             ... on level 9 of the Dungeon.
             The game lasted 00:15:35 (7129 turns).

galech the Grappler (Troll Monk)                    Turns: 7129, Time: 00:15:36

Health: -10/94     AC:  6    Str: 37    XL:     10   Next: 26%
Magic:  7/9        EV: 14    Int: 13    God:    Cheibriados [***...]
Gold:   539        SH:  0    Dex: 19    Spells: 9/9 levels left

rFire    . . .     SeeInvis .     - Unarmed
rCold    + . .     Gourm    +   J - +0 robe {rC+}
rNeg     . . .     Faith    .   (no shield)
rPois    .         Spirit   .   (helmet restricted)
rElec    .         Reflect  .   v - +0 cloak
rCorr    +         Harm     .   (gloves unavailable)
MR       .....                  (boots unavailable)
Stlth    +++.......             (no amulet)
Regen    0.7/turn               K - ring of resist corrosion
MPRegen  0.2/turn               g - +6 ring of strength

@: about to teleport, very slow
A: unfitting armour, claws 3, blurry vision 1, fast metabolism 3, gourmand,
regeneration 1, shaggy fur 1, tough skin 2, wild magic 1
a: Bend Time, Temporal Distortion, Renounce Religion


You were on level 9 of the Dungeon.
You worshipped Cheibriados.
Cheibriados was most pleased with you.
You were completely stuffed.

You visited 2 branches of the dungeon, and saw 10 of its levels.
You also visited: Sewer.

You collected 539 gold pieces.

Inventory:

Armour
 v - a +0 cloak (worn)
 J - a +0 robe of cold resistance (worn)
Jewellery
 g - a +6 ring of strength (left claw)
 u - an uncursed ring of wizardry
 E - an uncursed ring of wizardry
 F - an uncursed ring of protection from cold
 K - a ring of resist corrosion (right claw)
Wands
 C - a wand of digging (11/24)
 G - a wand of polymorph (15/24)
 H - a wand of clouds (6/9)
Scrolls
 d - 2 scrolls of enchant armour {unknown}
 e - 13 scrolls of identify {unknown}
 f - 4 scrolls of amnesia {unknown}
 h - 5 scrolls of enchant weapon {unknown}
 i - a scroll of fear {unknown}
 j - 5 scrolls of teleportation
 k - 5 scrolls of remove curse
 t - 2 scrolls of fog {unknown}
 x - 3 scrolls of immolation {unknown}
 y - 2 scrolls of magic mapping {unknown}
 z - 2 scrolls of random uselessness {unknown}
 D - 2 scrolls of recharging {unknown}
Potions
 c - 3 potions of curing
 l - 4 potions of brilliance {unknown}
 m - a potion of lignification {unknown}
 n - 2 potions of might {unknown}
 o - 2 potions of degeneration {unknown}
 p - a potion of heal wounds {unknown}
 r - 6 potions of flight {unknown}
 A - a potion of mutation {unknown}
 B - a potion of experience {unknown}
 I - a potion of cancellation {unknown}
Comestibles
 a - 2 chunks of flesh
 b - 8 bread rations
 q - 4 meat rations
 s - 3 royal jellies
 w - 6 fruits


   Skills:
 + Level 4.8 Fighting
 + Level 6.0 Dodging
 + Level 4.0 Stealth
 + Level 11.4 Unarmed Combat


You had 9 spell levels left.
You didn't know any spells.

Dungeon Overview and Level Annotations

Branches:
Dungeon (9/15)             Temple (1/1) D:7
   Lair: D:8-11         Orc: D:9-12

Altars:
Ashenzari
Cheibriados
Elyvilon
Fedhas
Hepliaklqana
Sif Muna
Vehumet
Xom
The Shining One

Shops:
D:6 *

Annotations:
D:9 itsmu's ghost, journeyman OgAE


Innate Abilities, Weirdness & Mutations

You are too large for most types of armour.
You have claws for hands.
Your metabolism is lightning-fast.
You like to eat raw meat.
Your natural rate of healing is unusually fast.
You are covered in fur. (AC +1)
You have very tough skin. (AC +2)
Scrolls take you a little longer to read.
Your spells are a little harder to cast, but a little more powerful.


Message History

* * * LOW HITPOINT WARNING * * *
You see here 2 tomahawks.
You feel better. Itsmu's ghost hits you.
* * * LOW HITPOINT WARNING * * *
You are poisoned.
Really read with blurry vision while enemies are nearby?
You feel sick.
You begin reading the scroll.
You continue reading the scroll.
Itsmu's ghost hits you.
* * * LOW HITPOINT WARNING * * *
You are more poisoned.
As you read the scroll of teleportation, it crumbles to dust.
You feel strangely unstable.
You feel better.
Itsmu's ghost gestures at you while chanting.
The bolt of lightning hits you!
* * * LOW HITPOINT WARNING * * *
Itsmu's ghost waves its arms in wide circles.
The air twists around and strikes you!
You die...

# ###.....#####.# #.##.#
..# ##...#...#####.# ##.#
.# ....#......#.......#
...#
#.#....#.###..##..###.#
.........)........#...####
....##..))##............#
.... ####)###..#........#
....### #.###...........#
.. ....##..@Y...........#
#..####W...........#
...##...###...........#
..........#...........#
..#.####..............#
##...............#
#........>......##
.$.................#
##......?.ยง.........


You could see an ice beast and itsmu's ghost.

Vanquished Creatures
  Erica (D:8)
  The ghost of galech the Grappler, a novice TrMo of Okawaru (D:7)
  A hornet (D:8)
  A spriggan (D:8)
  Edmund (D:5)
  An acid dragon (D:8)
  2 sky beasts
  2 orc warriors
  3 ice beasts
  Purgy (Sewer)
  A phantom (D:4)
  4 ogres
  2 big kobolds
  A bullfrog (D:4)
  2 scorpions (D:4)
  13 killer bees
  3 wights (D:8)
  2 electric eels (D:6)
  2 crimson imps (D:6)
  A bullfrog zombie (D:6)
  A jelly (D:6)
  3 bullfrog skeletons
  2 hounds (D:8)
  An orc priest (D:4)
  2 orc wizards
  4 worker ants
  7 gnolls (D:8)
  8 adders
  A shadow imp (D:6)
  An ooze (D:2)
  An adder skeleton (D:7)
  A worm (D:2)
  A dart slug (D:1)
  8 leopard geckos
  21 orcs
  4 ball pythons
  10 giant cockroaches
  6 goblins
  6 hobgoblins
  7 jackals
  5 quokkas
  7 bats
  3 frilled lizards
  17 kobolds
  8 rats
180 creatures vanquished.

Notes
Turn   | Place    | Note
-------+----------+-------------------------------------------
     0 | D:1      | galech the Troll Monk began the quest for the Orb.
     0 | D:1      | Reached XP level 1. HP: 22/22 MP: 0/0
   253 | D:1      | Reached XP level 2. HP: 29/29 MP: 1/1
   684 | D:2      | Reached XP level 3. HP: 36/36 MP: 2/2
   945 | D:2      | Found a hazy altar of Hepliaklqana.
   945 | D:2      | Found a glowing golden altar of the Shining One.
   945 | D:2      | Found a deep blue altar of Sif Muna.
   948 | D:2      | Found a shattered altar of Ashenzari.
   981 | D:2      | Reached XP level 4. HP: 44/44 MP: 3/3
   985 | D:2      | Found a blossoming altar of Fedhas.
  1579 | D:3      | Found a faded altar of an unknown god.
  1634 | D:3      | Found a glowing drain.
  1648 | Sewer    | Entered a sewer
  1660 | Sewer    | Noticed Purgy
  1674 | Sewer    | Killed Purgy
  1674 | Sewer    | Reached skill level 4 in Unarmed Combat
  1674 | Sewer    | Reached XP level 5. HP: 18/53 MP: 4/4
  1824 | Sewer    | Reached skill level 5 in Unarmed Combat
  1824 | Sewer    | Reached XP level 6. HP: 50/61 MP: 5/5
  2319 | D:4      | Noticed a sky beast
  2327 | D:4      | Killed a sky beast
  2388 | D:4      | Gained mutation: Scrolls take you a little longer to read. [mutagenic meat]
  2389 | D:4      | Gained mutation: Your spells are a little harder to cast, but a little more powerful. [mutagenic meat]
  2455 | D:4      | Reached XP level 7. HP: 58/67 MP: 6/6
  2509 | D:4      | Reached skill level 6 in Unarmed Combat
  3005 | D:5      | Entered Level 5 of the Dungeon
  3107 | D:5      | Reached skill level 7 in Unarmed Combat
  3175 | D:5      | Reached XP level 8. HP: 51/75 MP: 7/7
  3468 | D:5      | Noticed Edmund
  3480 | D:5      | Killed Edmund
  3658 | D:6      | Reached skill level 8 in Unarmed Combat
  4016 | D:6      | Found Utoussuc's General Store.
  4883 | D:7      | Noticed galech's ghost (novice TrMo)
  4891 | D:7      | Killed galech's ghost
  4891 | D:7      | Reached skill level 5 in Dodging
  4891 | D:7      | Reached skill level 9 in Unarmed Combat
  4891 | D:7      | Reached XP level 9. HP: 19/84 MP: 8/8
  5362 | D:7      | Reached skill level 10 in Unarmed Combat
  5934 | D:7      | Found a staircase to the Ecumenical Temple.
  6037 | D:8      | HP: 3/84 [gnoll/halberd (15)]
  6213 | Temple   | Entered the Ecumenical Temple
  6222 | Temple   | Became a worshipper of Cheibriados the Contemplative
  6222 | Temple   | Reached * piety under Cheibriados
  6222 | Temple   | Reached ** piety under Cheibriados
  6253 | D:8      | Paralysed by a hornet for 2 turns
  6677 | D:8      | Reached XP level 10. HP: 94/94 MP: 9/9
  6700 | D:8      | Noticed Erica
  6710 | D:8      | Killed Erica
  6710 | D:8      | Reached skill level 11 in Unarmed Combat
  6824 | D:8      | Reached *** piety under Cheibriados
  7115 | D:9      | Noticed itsmu's ghost (journeyman OgAE)
  7128 | D:9      | HP: 1/94 [itsmu's ghost/bolt of lightning (20)]
  7129 | D:9      | Killed from afar by itsmu's ghost

Vault maps used:
D:1:      noname_arrival_rooms_in_the_neighbourhood, minmay_unequal
D:2:      minitemple, fedhas_altar_2, first_bread
D:3:      portal_sewer_entry_f, chequers_ecumenical_altar_island
D:5:      serial_glass, glass_columns_b, glass_columns_b, uniq_edmund
D:6:      serial_shops, nicolae_shop_behind_doors,
          hangedman_abyss_or_decor_slice, nicolae_lava_and_water
D:7:      minmay_temple_entry_from_below_a
D:8:      the_bakery, uniq_erica
D:9:      kennysheep_mini_moat, serial_shops, shop,
          minmay_hollow_rounded_squares
Temple:   compressed_dpeg_circular_temple
Sewer:    kennysheep_door_sewer

Skill      XL: |  1  2  3  4  5  6  7  8  9 10 |
---------------+-------------------------------+-----
Dodging        | 3 4 5 6 |  6.0
Fighting       | 3 4 |  4.8
Unarmed Combat | 4 5 7 9 10 11 | 11.4
Stealth        | 2 3 4 |  4.0

Action                   |  1- 3 |  4- 6 |  7- 9 | 10-12 || total
-------------------------+-------+-------+-------+-------++-------
Melee: Unarmed           |    83 |   150 |   273 |    26 ||   532
       Punch             |     1 |     4 |     9 |     4 ||    18
Invok: Bend Time         |       |       |       |     1 ||     1
  Use: Scroll            |     3 |       |       |     1 ||     4
       Potion            |       |       |     2 |     2 ||     4
 Stab: Distracted        |     1 |       |       |       ||     1
       Sleeping          |     1 |     5 |     8 |     1 ||    15
  Eat: Chunk             |    14 |    15 |    29 |     3 ||    61
       Bread ration      |       |       |     2 |       ||     2
Armor: Robe              |    32 |    49 |    57 |     2 ||   140
Dodge: Dodged            |    54 |    78 |   157 |    13 ||   302
